AA
CHICAGO DOGS @ KANSAS CITY T-BONES
06/26/2072
 
TOP OF THE 1ST
Gary SouthShore RailCats batting - Pitching for Chicago Dogs : RHP Justin Goossen-Brown
Pitching: RHP Justin Goossen-Brown
Batting: LHB Mario Vega 0-0: Called Strike
0-1: Ball
1-1: Ball
2-1: SINGLE (Line Drive, 3D, EV 98.8 MPH)
Batting: RHB Mark Zimny 0-0: Ball
1-0: Ball
2-0: Called Strike
2-1: Fly out, F8 (Flyball, 8LD, EV 93.8 MPH)
Batting: LHB Fernando Moreno 0-0: Called Strike
0-1: 2-RUN HOME RUN (Flyball, 89XD, EV 105.0 MPH), Distance : 432 ft
Batting: RHB Ken Kelly 0-0: Called Strike
0-1: Ball
1-1: Ball
2-1: Foul Ball, location: 2F
2-2: Ball
3-2: Foul Ball, location: 2F
3-2: Base on Balls
Batting: SHB Nick Butler 0-0: Ball
1-0: Ball
2-0: Ball
3-0: Called Strike
3-1: Base on Balls
Ken Kelly to second
Batting: RHB Kevin Oliver 0-0: Ball
1-0: Ball
2-0: Ball
3-0: Base on Balls
Ken Kelly to third
Nick Butler to second
Batting: RHB Sean Armor 0-0: Ball
1-0: DOUBLE (Flyball, 89D, EV 93.1 MPH)
Ken Kelly scores
Nick Butler scores
Kevin Oliver to third
Batting: SHB Art Jenkins 0-0: Ball
1-0: Ball
2-0: Ball
3-0: Called Strike
3-1: Foul Ball, location: 2F
3-2: Base on Balls
Batting: RHB Chris Day 0-0: Fly out, F2 (Popup, 2LF, EV 86.9 MPH)
Batting: LHB Mario Vega 0-0: Fielders Choice at 2nd, U6 (Groundball, 6M, EV 90.0 MPH)
Top of the 1st over - 4 runs, 3 hits, 0 errors, 3 left on base; Gary SouthShore 4 - Chicago 0
BOTTOM OF THE 1ST
Chicago Dogs batting - Pitching for Gary SouthShore RailCats : LHP Matt Teck
Pitching: LHP Matt Teck
Batting: LHB Sebastien Brantley 0-0: Swinging Strike
0-1: Ball
1-1: Foul Ball, location: 2F
1-2: Fly out, F8 (Flyball, 8LXD, EV 82.5 MPH)
Pitching: LHP Trevor Lubking
Batting: RHB Hector Torres 0-0: Ball
1-0: Ball
2-0: Swinging Strike
2-1: Ball
3-1: Base on Balls
Batting: RHB Ruben Martinez 0-0: Called Strike
0-1: Ball
1-1: Foul Ball, location: 2F
1-2: Ball
2-2: Strikes out swinging
Batting: RHB Javier Cuevas 0-0: Fly out, F8 (Line Drive, 8RM, EV 93.1 MPH)
Bottom of the 1st over - 0 runs, 0 hits, 0 errors, 1 left on base; Gary SouthShore 4 - Chicago 0
TOP OF THE 2ND
Gary SouthShore RailCats batting - Pitching for Chicago Dogs : RHP Justin Goossen-Brown
Batting: RHB Mark Zimny 0-0: Ball
1-0: Ball
2-0: Called Strike
2-1: Ball
3-1: Foul Ball, location: 2F
3-2: Foul Ball, location: 2F
3-2: Ground out 4-3 (Groundball, 4D, EV 101.2 MPH)
Batting: LHB Fernando Moreno 0-0: Fly out, F8 (Flyball, 89D, EV 108.1 MPH)
Batting: RHB Ken Kelly 0-0: Called Strike
0-1: Hit by Pitch
Batting: SHB Nick Butler 0-0: Ball
1-0: Ground out 4-3 (Groundball, 34, EV 105.6 MPH)
Top of the 2nd over - 0 runs, 0 hits, 0 errors, 1 left on base; Gary SouthShore 4 - Chicago 0
BOTTOM OF THE 2ND
Chicago Dogs batting - Pitching for Gary SouthShore RailCats : LHP Trevor Lubking
Batting: RHB Neil Burch 0-0: Called Strike
0-1: Ground out 6-3 (Groundball, 6, EV 101.2 MPH)
Batting: SHB Jose Lopez 0-0: Called Strike
0-1: Ball
1-1: Swinging Strike
1-2: Strikes out looking
Batting: RHB Scott Bourque 0-0: Ball
1-0: Called Strike
1-1: DOUBLE (Line Drive, 9LM, EV 107.5 MPH)
Batting: RHB John Bayless 0-0: Ground out 6-3 (Groundball, 6, EV 101.9 MPH)
Bottom of the 2nd over - 0 runs, 1 hit, 0 errors, 1 left on base; Gary SouthShore 4 - Chicago 0
TOP OF THE 3RD
Gary SouthShore RailCats batting - Pitching for Chicago Dogs : RHP Justin Goossen-Brown
Batting: RHB Kevin Oliver 0-0: Foul Ball, location: 2F
0-1: Ground out 5-3 (Groundball, 5, EV 108.1 MPH)
Batting: RHB Sean Armor 0-0: Called Strike
0-1: Ball
1-1: Foul Ball, location: 2F
1-2: Strikes out swinging
Batting: SHB Art Jenkins 0-0: Ball
1-0: Ground out 5-3 (Groundball, 56S, EV 82.5 MPH)
Top of the 3rd over - 0 runs, 0 hits, 0 errors, 0 left on base; Gary SouthShore 4 - Chicago 0
BOTTOM OF THE 3RD
Chicago Dogs batting - Pitching for Gary SouthShore RailCats : LHP Trevor Lubking
Batting: RHB Oscar Leon 0-0: Ball
1-0: Ball
2-0: Ball
3-0: Called Strike
3-1: Base on Balls
Batting: LHB Sebastien Brantley 0-0: Foul Ball, location: 2F
0-1: Ball
1-1: Called Strike
1-2: Strikes out swinging
Batting: RHB Hector Torres 0-0: Foul Ball, location: 2F
0-1: Foul Ball, location: 2F
0-2: SINGLE (Line Drive, 7S, EV 103.8 MPH)
Oscar Leon to second
Batting: RHB Ruben Martinez 0-0: Ball
1-0: SINGLE (Groundball, 56S, EV 66.9 MPH) (infield hit)
Oscar Leon to third
Hector Torres to second
Pinch Runner at 1st Nate Gibson:
Batting: RHB Javier Cuevas 0-0: Called Strike
0-1: Ball
1-1: Ball
2-1: Swinging Strike
2-2: Fly out, F8 (Flyball, 8LM, EV 90.6 MPH)
Runner from 3rd tags up, SCORES, throw by CF
Batting: RHB Neil Burch 0-0: 3-RUN HOME RUN (Flyball, 7LD, EV 91.9 MPH), Distance : 350 ft
Pitching: RHP Nick Floyd
Batting: SHB Jose Lopez 0-0: Ball
1-0: Ball
2-0: Ball
3-0: Called Strike
3-1: Called Strike
3-2: Foul Ball, location: 2F
3-2: Base on Balls
Batting: RHB Scott Bourque 0-0: Called Strike
0-1: Ball
1-1: Foul Ball, location: 2F
1-2: Ball
2-2: Strikes out looking
Bottom of the 3rd over - 4 runs, 3 hits, 0 errors, 1 left on base; Gary SouthShore 4 - Chicago 4
TOP OF THE 4TH
Gary SouthShore RailCats batting - Pitching for Chicago Dogs : RHP Justin Goossen-Brown
Now at 1B: Nate Gibson
Batting: RHB Chris Day 0-0: Called Strike
0-1: Ball
1-1: Fly out, F8 (Flyball, 78M, EV 85.0 MPH)
Batting: LHB Mario Vega 0-0: Foul Ball, location: 2F
0-1: Ball
1-1: Called Strike
1-2: Foul Ball, location: 2F
1-2: Foul Ball, location: 2F
1-2: Foul Ball, location: 2F
1-2: Foul Ball, location: 2F
1-2: Ball
2-2: Foul Ball, location: 2F
2-2: Foul Ball, location: 2F
2-2: Fly out, F7 (Flyball, 78S, EV 89.4 MPH)
Batting: RHB Mark Zimny 0-0: Ball
1-0: Ball
2-0: Fly out, F9 (Flyball, 9S, EV 79.4 MPH)
Top of the 4th over - 0 runs, 0 hits, 0 errors, 0 left on base; Gary SouthShore 4 - Chicago 4
BOTTOM OF THE 4TH
Chicago Dogs batting - Pitching for Gary SouthShore RailCats : RHP Nick Floyd
Batting: RHB John Bayless 0-0: Called Strike
0-1: Foul Ball, location: 2F
0-2: Foul Ball, location: 2F
0-2: Foul Ball, location: 2F
0-2: Ball
1-2: Ball
2-2: Strikes out swinging
Batting: RHB Oscar Leon 0-0: Ball
1-0: Ball
2-0: Called Strike
2-1: Foul Ball, location: 2F
2-2: Fly out, F6 (Line Drive, 6, EV 63.8 MPH)
Batting: LHB Sebastien Brantley 0-0: Called Strike
0-1: Called Strike
0-2: Ball
1-2: Ball
2-2: Foul Ball, location: 2F
2-2: Foul Ball, location: 2F
2-2: Fly out, F4 (Line Drive, 4, EV 63.1 MPH)
Bottom of the 4th over - 0 runs, 0 hits, 0 errors, 0 left on base; Gary SouthShore 4 - Chicago 4
TOP OF THE 5TH
Gary SouthShore RailCats batting - Pitching for Chicago Dogs : RHP Justin Goossen-Brown
Batting: LHB Fernando Moreno 0-0: SINGLE (Groundball, 34S, EV 81.2 MPH) (infield hit)
Batting: RHB Ken Kelly 0-0: Foul Ball, location: 2F
0-1: Ball
1-1: Called Strike
1-2: Grounds into double play, 6-4-3 (Groundball, 6, EV 84.4 MPH)
Batting: SHB Nick Butler 0-0: Called Strike
0-1: Ball
1-1: DOUBLE (Line Drive, 7LD, EV 111.2 MPH)
Batting: RHB Kevin Oliver 0-0: Fly out, F9 (Flyball, 9LS, EV 88.1 MPH)
Top of the 5th over - 0 runs, 2 hits, 0 errors, 1 left on base; Gary SouthShore 4 - Chicago 4
BOTTOM OF THE 5TH
Chicago Dogs batting - Pitching for Gary SouthShore RailCats : RHP Nick Floyd
Batting: RHB Hector Torres 0-0: Ball
1-0: Ball
2-0: DOUBLE (Flyball, 89D, EV 95.6 MPH)
Batting: SHB Nate Gibson 0-0: Ball
1-0: Called Strike
1-1: Ball
2-1: Foul Ball, location: 2F
2-2: Ball
3-2: Base on Balls
Batting: RHB Javier Cuevas 0-0: Fly out, F6 (Popup, 6S, EV 62.5 MPH)
Batting: RHB Neil Burch 0-0: Called Strike
0-1: Ball
1-1: Ball
2-1: Foul Ball, location: 2F
2-2: Ball
3-2: Strikes out swinging
Batting: SHB Jose Lopez 0-0: Called Strike
0-1: Ground out U3 (Groundball, 34S, EV 83.1 MPH)
Bottom of the 5th over - 0 runs, 1 hit, 0 errors, 2 left on base; Gary SouthShore 4 - Chicago 4
TOP OF THE 6TH
Gary SouthShore RailCats batting - Pitching for Chicago Dogs : RHP Justin Goossen-Brown
Batting: RHB Sean Armor 0-0: Called Strike
0-1: Ball
1-1: Fly out, F7 (Flyball, 7, EV 91.9 MPH)
Batting: SHB Art Jenkins 0-0: Called Strike
0-1: Ball
1-1: Swinging Strike
1-2: Ball
2-2: Ball
3-2: Foul Ball, location: 2F
3-2: Base on Balls
Pitching: LHP Mike Steel
Batting: RHB Chris Day 0-0: Ball
1-0: Ball
2-0: Swinging Strike
2-1: Ball
3-1: Base on Balls
Art Jenkins to second
Batting: LHB Mario Vega 0-0: Called Strike
0-1: Ground out 5-3 (Groundball, 25, EV 63.8 MPH)
Art Jenkins to third
Chris Day to second
Batting: RHB Mark Zimny 0-0: Ground out 6-3 (Groundball, 6, EV 110.0 MPH)
Top of the 6th over - 0 runs, 0 hits, 0 errors, 2 left on base; Gary SouthShore 4 - Chicago 4
BOTTOM OF THE 6TH
Chicago Dogs batting - Pitching for Gary SouthShore RailCats : RHP Nick Floyd
Batting: RHB Scott Bourque 0-0: Foul Ball, location: 2F
0-1: Ball
1-1: Ground out 5-3 (Groundball, 56, EV 85.6 MPH)
Pitching: RHP David Griffin
Batting: RHB John Bayless 0-0: Ball
1-0: SINGLE (Line Drive, 89S, EV 107.5 MPH)
Batting: RHB Oscar Leon 0-0: Ball
1-0: Swinging Strike
1-1: Fly out, F7 (Flyball, 7LM, EV 82.5 MPH)
Batting: LHB Sebastien Brantley 0-0: Ground out U3 (Groundball, 34, EV 90.0 MPH)
Bottom of the 6th over - 0 runs, 1 hit, 0 errors, 1 left on base; Gary SouthShore 4 - Chicago 4
TOP OF THE 7TH
Gary SouthShore RailCats batting - Pitching for Chicago Dogs : LHP Mike Steel
Batting: LHB Fernando Moreno 0-0: Foul Ball, location: 2F
0-1: Swinging Strike
0-2: Strikes out swinging
Batting: RHB Ken Kelly 0-0: Ball
1-0: Ball
2-0: Swinging Strike
2-1: Foul Ball, location: 2F
2-2: Foul Ball, location: 2F
2-2: Ball
3-2: Ground out U3 (Groundball, 3, EV 85.6 MPH)
Batting: SHB Nick Butler 0-0: Foul Ball, location: 2F
0-1: Ball
1-1: Swinging Strike
1-2: Strikes out swinging
Top of the 7th over - 0 runs, 0 hits, 0 errors, 0 left on base; Gary SouthShore 4 - Chicago 4
BOTTOM OF THE 7TH
Chicago Dogs batting - Pitching for Gary SouthShore RailCats : RHP David Griffin
Batting: RHB Hector Torres 0-0: Called Strike
0-1: Ball
1-1: Foul Ball, location: 2F
1-2: Ground out 3-1 (Groundball, 34S, EV 83.8 MPH)
Batting: SHB Nate Gibson 0-0: Ball
1-0: Ball
2-0: SINGLE (Line Drive, 9S, EV 93.1 MPH)
Batting: RHB Javier Cuevas 0-0: Ball
1-0: Called Strike
1-1: Foul Ball, location: 2F
1-2: SINGLE (Groundball, 56, EV 105.6 MPH) (infield hit)
Nate Gibson to second
Batting: RHB Neil Burch 0-0: Called Strike
0-1: Ball
1-1: Ball
2-1: Foul Ball, location: 2F
2-2: Ball
3-2: Foul Ball, location: 2F
3-2: Fly out, F8 (Flyball, 89D, EV 103.1 MPH)
Runner from 2nd tags up, SAFE at 3rd, no throw by CF
Pitching: RHP Zenon Kupi
Batting: SHB Jose Lopez 0-0: Ball
1-0: Ground out 4-3 (Groundball, 34, EV 105.0 MPH)
Bottom of the 7th over - 0 runs, 2 hits, 0 errors, 2 left on base; Gary SouthShore 4 - Chicago 4
TOP OF THE 8TH
Gary SouthShore RailCats batting - Pitching for Chicago Dogs : LHP Mike Steel
Batting: RHB Kevin Oliver 0-0: Foul Ball, location: 2F
0-1: Fly out, F9 (Line Drive, 9, EV 96.2 MPH)
Batting: RHB Sean Armor 0-0: Ground out 6-3 (Groundball, 6S, EV 70.0 MPH)
Batting: SHB Art Jenkins 0-0: Ball
1-0: Ball
2-0: Ball
3-0: Base on Balls
Batting: RHB Chris Day 0-0: Called Strike
0-1: Foul Ball, location: 2F
0-2: Foul Ball, location: 2F
0-2: Ball
1-2: 2-RUN HOME RUN (Flyball, 89XD, EV 95.6 MPH), Distance : 433 ft
Batting: LHB Mario Vega 0-0: Foul Ball, location: 2F
0-1: Ball
1-1: Ball
2-1: Ball
3-1: SINGLE (Line Drive, 7S, EV 102.5 MPH)
Batting: RHB Mark Zimny 0-0: Ball
1-0: Foul Ball, location: 2F
1-1: Ball
2-1: Ball
3-1: SINGLE (Popup, 4D, EV 56.2 MPH)
Mario Vega to second
Runner from 2nd tries for 3rd, SAFE, no throw by 2B
Batting: LHB Fernando Moreno 0-0: Ball
1-0: Ball
2-0: Fly out, F9 (Flyball, 9LM, EV 109.4 MPH)
Top of the 8th over - 2 runs, 3 hits, 0 errors, 2 left on base; Gary SouthShore 6 - Chicago 4
BOTTOM OF THE 8TH
Chicago Dogs batting - Pitching for Gary SouthShore RailCats : RHP Zenon Kupi
Batting: RHB Scott Bourque 0-0: Called Strike
0-1: Ball
1-1: SINGLE (Groundball, 6MD, EV 106.2 MPH)
Batting: RHB John Bayless 0-0: Ball
1-0: Called Strike
1-1: Ball
2-1: Ball
3-1: Fly out, F5 (Popup, 5S, EV 83.8 MPH)
Batting: RHB Oscar Leon 0-0: Ball
1-0: Ball
2-0: Swinging Strike
2-1: Foul Ball, location: 2F
2-2: Grounds into double play, 5-4-3 (Groundball, 56, EV 85.6 MPH)
Bottom of the 8th over - 0 runs, 1 hit, 0 errors, 0 left on base; Gary SouthShore 6 - Chicago 4
TOP OF THE 9TH
Gary SouthShore RailCats batting - Pitching for Chicago Dogs : LHP Mike Steel
Pitching: RHP Paul Schwendel
Batting: RHB Ken Kelly 0-0: Swinging Strike
0-1: Ball
1-1: Called Strike
1-2: Ground out 4-3 (Groundball, 4MD, EV 105.0 MPH)
Batting: SHB Nick Butler 0-0: Called Strike
0-1: Ball
1-1: Foul Ball, location: 2F
1-2: Ball
2-2: Foul Ball, location: 2F
2-2: Ball
3-2: DOUBLE (Line Drive, 7LS, EV 106.9 MPH)
Batting: RHB Kevin Oliver 0-0: Ball
Nick Butler steals 3rd base
1-0: Ball
2-0: Called Strike
2-1: Called Strike
2-2: Strikes out looking
Batting: RHB Sean Armor 0-0: Ball
1-0: Ball
2-0: Fly out, F4 (Popup, 4D, EV 51.2 MPH)
Top of the 9th over - 0 runs, 1 hit, 0 errors, 1 left on base; Gary SouthShore 6 - Chicago 4
BOTTOM OF THE 9TH
Chicago Dogs batting - Pitching for Gary SouthShore RailCats : RHP Zenon Kupi
Pitching: LHP Seth Hougesen
Batting: LHB Sebastien Brantley 0-0: Ground out U3 (Groundball, 3, EV 96.9 MPH)
Batting: RHB Hector Torres 0-0: Ground out 6-3 (Groundball, 4MD, EV 87.5 MPH)
Batting: SHB Nate Gibson 0-0: Ball
1-0: Ground out 5-3 (Groundball, 56, EV 93.8 MPH)
Bottom of the 9th over - 0 runs, 0 hits, 0 errors, 0 left on base; Gary SouthShore 6 - Chicago 4
Monday, October 25th , 2021 - OOTP Baseball 22.10 Build 79